Minoru, lawful male human Samurai ... .<. ... Minoru the Ronin Experience level: 5 Strength: 15 Dexterity: 15 Constitution: 18 Intelligence: 10 Wisdom: 6 Charisma: 8 Health: 0(44) Energy: 12(12) Def: 9 Gold: 319 Moves: 1584 Dungeon seed: KlPA9B54OUCd5N4T Game ID: Minoru_1624559266 Your Inventory: Coins $ - 319 gold pieces Weapons a - an uncursed +0 katana (weapon in hand) b - an uncursed +0 wakizashi c - an uncursed +0 yumi d - 35 uncursed +0 ya (in quiver) A - 4 uncursed +0 arrows Armor e - an uncursed rustproof +0 splint mail (being worn) n - an uncursed +0 orcish helm named noncursed (being worn) N - an uncursed +0 dwarvish cloak (being worn) Y - an uncursed +0 pair of iron shoes (being worn) Scrolls g - an uncursed scroll of punishment t - an uncursed scroll of genocide u - an uncursed scroll of light Wands k - an uncursed wand of teleportation (0:4) Tools h - an uncursed expensive camera (0:48) w - an uncursed +0 pick-axe (alternate weapon; not wielded) x - a blessed tallow candle (0:200) B - an uncursed tallow candle (0:200) Gems q - an uncursed agate stone r - 3 uncursed worthless pieces of violet glass y - an uncursed worthless piece of yellow glass z - an uncursed worthless piece of orange glass D - an uncursed worthless piece of white glass Spells and supernatural/magical abilities: Name Level Category Fail Memory W - pray for help -- divine ? -- Your skills at the end: Fighting Skills martial arts [Basic] Weapon Skills short sword [Basic] long sword [Basic] bow [Basic] Spellcasting Skills Final Attributes: You were piously aligned. You were fast. You were lucky. You are dead. Vanquished creatures: a leprechaun a gnome king a gnome lord a gnomish wizard a little dog a dwarf a homunculus a red mold 7 gnomes 2 garter snakes a gnome zombie 3 geckos 4 jackals 2 foxes 3 goblins 2 sewer rats 3 grid bugs a lichen 2 newts 38 creatures vanquished. Voluntary challenges: You used a wielded weapon 47 times, starting on turn 3. You read items or engraved 2 times, starting on turn 615. You never genocided any monsters. You never polymorphed an object. You never changed form. You used no wishes. You never split a pudding. You never wrote Elbereth's name. You never violated your personal moral code. Dungeon overview: The Dungeons of Doom: levels 1 to 4 Level 1 some fountains, a sink a long staircase Level 2 a fountain, a sink Level 3 an altar to Raijin, a fountain stairs to The Gnomish Mines Level 4 The Gnomish Mines: levels 4 to 5 Level 4 stairs to The Dungeons of Doom Level 5 <- You were here History has recorded: On T:1 you entered the Dungeons of Doom to retrieve the Amulet of Yendor! On T:229 you reached level 2 of The Dungeons of Doom. On T:475 you reached level 3 of The Dungeons of Doom. On T:518 you advanced to experience level 2. On T:754 you reached level 1 of The Gnomish Mines. On T:851 you reached level 4 of The Dungeons of Doom. On T:1017 you advanced to experience level 3. On T:1127 you advanced to experience level 4. On T:1186 you reached level 2 of The Gnomish Mines. On T:1301 you advanced to experience level 5. Score breakdown: Gold: 319 ( 8521 points) Experience: 5 levels (11141 points) Exploration: 5 levels ( 10.20%) ( 8660 points) Discoveries: 7 items ( 2.85%) ( 5060 points) Valuables value: (no points given unless you survive) Artifact value: 0 ( 0 points) Variety of kills: 19 monsters ( 4.99%) ( 6699 points) Turncount: 1584 turns ( 0 points) Survival: died (score multiplied by 80%) Total score: 32064 Latest messages: Where do you want to travel to? You stop travelling. You faint from lack of food. You come to. Where do you want to travel to? You stop travelling. You faint from lack of food. You come to. Where do you want to travel to? You displace Hachi. You faint from lack of food. You come to. You miss the gnomish wizard. You faint from lack of food. The magic missile hits you! (2x) The magic missile hits it. You have a sad feeling for a moment, then it passes. Something casts a spell at you! You get a slight headache. The magic missile hits you! (2x) You come to. You faint from lack of food. The magic missile hits you! You die... Final status: Sayonara Minoru the Samurai, killed by a magic missile, while fainted from lack of food... You died in The Gnomish Mines on dungeon level 5 with 32064 points, and 319 pieces of gold, after 1584 moves. You were level 5 with a maximum of 44 hit points when you died.